 Dungeon Crawl Stone Soup version 0.22-a0-352-gc608dd7 (webtiles) character file.

20832 b5mith the Warrior (level 12, -3/186 HPs)
             Began as a Minotaur Berserker on Apr 13, 2018.
             Was a High Priest of Trog.
             Slain by an ettin
             ... wielding a +0 dire flail
              (25 damage)
             ... on level 13 of the Dungeon.
             The game lasted 00:52:28 (17972 turns).

b5mith the Warrior (Minotaur Berserker)            Turns: 17972, Time: 00:52:29

Health: -3/186     AC: 12    Str: 31    XL:     12   Next: 48%
Magic:  3/3        EV: 12    Int:  6    God:    Trog [*****.]
Gold:   395        SH:  0    Dex: 16    Spells: 11/11 levels left

rFire    . . .     SeeInvis .   a - +3 great sword (antimagic)
rCold    . . .     Gourm    .   (shield currently unavailable)
rNeg     . . .     Faith    +   T - +1 ring mail of the Accordion {MR++ Int+2}
rPois    .         Spirit   .   (helmet restricted)
rElec    .         Reflect  .   v - +2 cloak
rCorr    .         Harm     .   (no gloves)
MR       ++...                  (no boots)
Stlth    ..........             q - amulet of faith
HPRegen  0.41/turn              E - +5 ring of dexterity
MPRegen  0.08/turn              J - +3 ring of protection

@: berserking, very quick
A: retaliatory headbutt, horns 2
a: Berserk, Trog's Hand, Brothers in Arms, Renounce Religion


You were on level 13 of the Dungeon.
You worshipped Trog.
Trog was extremely pleased with you.
You were near starving.

You visited 1 branch of the dungeon, and saw 13 of its levels.
You also visited: Sewer.

You collected 710 gold pieces.
You spent 315 gold pieces at shops.

Inventory:

Hand Weapons
 a - a +3 antimagic great sword (weapon)
   (Trog gifted it to you on level 9 of the Dungeon)
 b - a +0 hunting sling
   (You found it on level 9 of the Dungeon)
 M - a +1 antimagic long sword
   (Trog gifted it to you on level 10 of the Dungeon)
 N - a +0 falchion
Missiles
 G - 6 javelins of returning (quivered)
 I - 6 tomahawks of dispersal
 R - 6 tomahawks
Armour
 n - a +0 ring mail
   (You took it off a hobgoblin on level 3 of the Dungeon)
 v - a +2 cloak (worn)
   (You took it off Crazy Yiuf on level 5 of the Dungeon)
 P - a +0 animal skin
 T - the +1 ring mail of the Accordion (worn) {MR++ Int+2}
   (You found it on level 11 of the Dungeon)

   It affects your intelligence (+2).
   It affects your resistance to hostile enchantments.
Jewellery
 g - an uncursed ring of see invisible
   (You found it on level 1 of the Dungeon)
 i - an uncursed ring of fire
   (You took it off a kobold on level 2 of the Dungeon)
 q - an amulet of faith (around neck)
   (You found it on level 5 of the Dungeon)
 E - a +5 ring of dexterity (left hand)
   (You found it on level 6 of the Dungeon)
 J - a +3 ring of protection (right hand)
   (You bought it in a shop on level 8 of the Dungeon)
Wands
 F - a wand of paralysis (26)
   (You found it on level 7 of the Dungeon)
 L - a wand of digging (13)
   (You took it off an orc on level 8 of the Dungeon)
 U - a wand of iceblast (19)
   (You found it on level 10 of the Dungeon)
 W - a wand of scattershot (2)
   (You found it on level 11 of the Dungeon)
Scrolls
 d - 5 scrolls of fog
 f - 6 scrolls of identify {@r1}
 k - a scroll of fear
 l - 2 scrolls of random uselessness {unknown}
 o - 4 scrolls of immolation
 s - a scroll of blinking
 x - 3 scrolls of teleportation
 y - 4 scrolls of remove curse {@r2}
 B - 2 scrolls of enchant weapon {unknown}
 K - 3 scrolls of enchant armour
 S - 2 scrolls of acquirement {unknown}
 V - a scroll of amnesia {unknown}
 X - a scroll of magic mapping {unknown}
Potions
 e - 4 potions of agility
 h - 4 potions of heal wounds
 j - 2 potions of haste {unknown}
 p - 2 potions of mutation {unknown}
 r - 3 potions of cancellation
 u - 2 potions of ambrosia {unknown}
 w - 7 potions of curing {@q1}
 z - 3 potions of magic {unknown}
 A - 7 potions of might
 C - 5 potions of flight {unknown}
 D - a potion of brilliance {unknown}
 H - a potion of berserk rage {unknown}
 O - 2 potions of degeneration {unknown}
Miscellaneous
 Q - a fan of gales
   (You found it on level 9 of the Dungeon)
Comestibles
 c - 22 rations


   Skills:
 + Level 16.5 Fighting
 + Level 16.5 Long Blades
 - Level 2.4 Armour
 - Level 2.1 Dodging
 - Level 3.8 Stealth


You had 11 spell levels left.
You didn't know any spells.

Dungeon Overview and Level Annotations

Branches:
Dungeon (13/15)            Temple (0/1) D:4            Lair (0/6) D:11
    Orc (0/2) D:12
 Vaults: D:13-14

Altars:
Cheibriados
Fedhas
Ru
Trog
Uskayaw
Vehumet
Wu Jian
Xom

Shops:
D:5 :   D:6 !   D:8 =

Annotations:
D:9 exclusion: ice statue


Innate Abilities, Weirdness & Mutations

You reflexively headbutt those who attack you in melee.
You have a pair of horns on your head.


Message History

No target in view!
A polar bear comes into view.
The polar bear growls angrily.
A centaur warrior comes into view.
You slice the polar bear!!
The polar bear is heavily wounded.
The polar bear closely misses you. You furiously retaliate!
You headbutt the polar bear, but do no damage.
The polar bear misses you. x2
An ettin comes into view. It is wielding two dire flails.
The ettin shouts in stereo!
You slash the polar bear!
You headbutt the polar bear, but do no damage.
The polar bear is almost dead.
You hear a deafening roar!
The polar bear closely misses you.
You riposte.
You hit the polar bear.
You kill the polar bear!
Trog accepts your kill.
You closely miss the centaur warrior. You headbutt the centaur warrior.
The centaur warrior is lightly wounded.
The centaur warrior barely misses you. You furiously retaliate!
You headbutt the centaur warrior.
You riposte.
You slash the centaur warrior! You headbutt the centaur warrior.
The centaur warrior is heavily wounded.
You slash the centaur warrior! You headbutt the centaur warrior.
The centaur warrior is severely wounded.
The centaur warrior hits you but does no damage.
The centaur warrior hits you.
You closely miss the centaur warrior. You headbutt the centaur warrior!
The centaur warrior is almost dead.
The centaur warrior closely misses you.
You closely miss the centaur warrior. You headbutt the centaur warrior.
The centaur warrior is almost dead.
The centaur warrior hits you but does no damage.
You barely miss the centaur warrior.
You kill the centaur warrior!
Trog accepts your kill.
An ice dragon comes into view.
The ettin hits you with a dire flail!! The ettin hits you with a dire flail!!!
* * * LOW HITPOINT WARNING * * *
You hit the ettin but do no damage. You headbutt the ettin.
The ettin is lightly wounded.
The ettin hits you but does no damage. The ettin hits you with a dire flail!!!
* * * LOW HITPOINT WARNING * * *
A vault guard comes into view. It is wielding a great sword.
A red film seems to cover your vision as you go berserk!
You feel yourself moving faster!
You feel mighty!
You are near starving!
The ettin closely misses you. The ettin hits you with a dire flail!!
You die...

....#...# #####.######
##+######
#..##.###..###........
......#......#.......
......#......#.....# .
......#..)...#.....# ...
......'....<.#.....#....
#...######..#...)......+
##########..#...@C......
.....[........##.D.###
...........+.... ...p.
..............### ###.
..######......# .
#....#.# #....#.#
####...# ...


You could see an ice dragon, a vault guard and an ettin.

Vanquished Creatures
  A hydra (D:7)
  A two-headed ogre (D:12)
  A tengu warrior (D:13)
  A centaur warrior (D:13)
  The ghost of NervFog the Carver, a journeyman TeAE of Ru (D:9)
  2 skeletal warriors (D:12)
  2 manticores
  2 cyclopes
  A gargoyle (D:12)
  A tengu conjurer (D:13)
  A queen bee (D:8)
  A troll (D:9)
  A polar bear (shapeshifter) (D:13)
  Prince Ribbit (D:5)
  Sigmund (D:5)
  A meliai zombie (D:12)
  The ghost of b5mith the Skirmisher, an amateur MiBe of Trog (D:3)
  A wraith (D:10)
  19 yaks
  2 hungry ghosts (D:9)
  7 vampire mosquitoes (D:12)
  2 hell hounds (D:11)
  A soldier ant (D:13)
  2 water moccasins
  2 black bears
  4 orc warriors
  2 sky beasts
  4 ice beasts
  A hornet zombie (D:9)
  An eye of draining (D:10)
  7 ogres
  2 phantoms
  5 centaurs
  A big kobold (Sewer)
  4 bullfrogs
  A gnoll sergeant (D:6)
  A wyvern skeleton (D:10)
  4 scorpions
  41 killer bees
  4 wights (D:10)
  5 electric eels (D:7)
  A howler monkey (D:7)
  6 crimson imps
  A quasit (D:12)
  5 centaur zombies
  4 orc priests
  A bullfrog skeleton (D:13)
  5 hounds
  6 jellies
  Crazy Yiuf (D:5)
  5 centaur skeletons
  3 iguanas
  7 orc wizards
  9 worker ants
  A worker ant zombie (D:5)
  7 gnolls
  13 adders
  5 river rats (Sewer)
  2 shadow imps
  3 oozes
  An adder skeleton (D:9)
  5 worms
  A dart slug (D:4)
  8 leopard geckos
  27 orcs
  3 ball pythons
  9 bats
  7 giant cockroaches
  8 goblins
  6 hobgoblins
  21 jackals
  19 kobolds
  6 quokkas
  9 frilled lizards
  A jackal zombie (D:6)
  24 rats
383 creatures vanquished.

Vanquished Creatures (others)
  An orc (D:7)
1 creature vanquished.

Grand Total: 384 creatures vanquished

Notes
Turn   | Place    | Note
-------+----------+-------------------------------------------
     0 | D:1      | b5mith the Minotaur Berserker began the quest for the Orb.
     0 | D:1      | Reached XP level 1. HP: 19/19 MP: 0/0
   195 | D:1      | Reached XP level 2. HP: 21/27 MP: 1/1
   651 | D:1      | Reached skill level 1 in Stealth
   922 | D:1      | Reached XP level 3. HP: 33/33 MP: 2/2
  1155 | D:2      | Found a faded altar of an unknown god.
  1227 | D:2      | Reached ** piety under Trog
  1601 | D:3      | Found a hide-covered altar of Uskayaw.
  1602 | D:3      | Noticed b5mith's ghost (amateur MiBe)
  1619 | D:3      | Killed b5mith's ghost
  1619 | D:3      | Reached skill level 5 in Fighting
  1619 | D:3      | Reached skill level 5 in Long Blades
  1619 | D:3      | Reached XP level 4. HP: 7/42 MP: 3/3
  1619 | D:3      | Reached XP level 5. HP: 8/48 MP: 4/4
  1982 | D:3      | Found a snail-covered altar of Cheibriados.
  2239 | D:3      | Reached XP level 6. HP: 53/56 MP: 5/5
  2812 | D:4      | Noticed an orc warrior
  2843 | D:3      | Killed an orc warrior
  3088 | D:4      | Found a radiant altar of Vehumet.
  3089 | D:4      | Found a blossoming altar of Fedhas.
  3092 | D:4      | Found a bloodstained altar of Trog.
  3112 | D:4      | Found an ornate altar of the Wu Jian Council.
  3364 | D:4      | Reached XP level 7. HP: 35/64 MP: 6/6
  3372 | D:4      | Reached *** piety under Trog
  3748 | D:4      | Found a staircase to the Ecumenical Temple.
  4156 | D:5      | Entered Level 5 of the Dungeon
  4556 | D:5      | Noticed Sigmund
  4713 | D:5      | Killed Sigmund
  4840 | D:4      | Reached XP level 8. HP: 59/74 MP: 7/7
  5217 | D:5      | Found a runed door.
  5352 | D:5      | Noticed Prince Ribbit
  5376 | D:5      | Killed Prince Ribbit
  5567 | D:5      | Found Meanegei's Book Emporium.
  5667 | D:5      | Noticed Crazy Yiuf
  5672 | D:5      | Killed Crazy Yiuf
  5897 | D:6      | Found a glowing drain.
  5974 | Sewer    | Entered a sewer
  5991 | Sewer    | Reached **** piety under Trog
  6594 | D:6      | Found Yqiynwai's Distillery.
  6597 | D:6      | Reached XP level 9. HP: 85/85 MP: 8/8
  6678 | D:6      | Reached skill level 10 in Fighting
  6678 | D:6      | Reached skill level 10 in Long Blades
  7173 | D:7      | Received a gift from Trog
  8326 | D:7      | Noticed a manticore
  8326 | D:7      | Noticed a six-headed hydra
  8568 | D:8      | Found Omiris's Jewellery Emporium.
  8581 | D:8      | Reached ***** piety under Trog
  8583 | D:8      | Reached XP level 10. HP: 35/97 MP: 9/9
  9570 | D:8      | Bought a +3 ring of protection for 315 gold pieces
 10282 | D:9      | Noticed NervFog's ghost (journeyman TeAE)
 10295 | D:10     | Entered Level 10 of the Dungeon
 10387 | D:9      | Killed NervFog's ghost
 10718 | D:9      | Noticed an ice statue
 10805 | D:9      | Received a gift from Trog
 11092 | D:9      | Reached XP level 11. HP: 95/108 MP: 3/10
 11440 | D:9      | Found a blossoming altar of Fedhas.
 11529 | D:7      | Killed a ten-headed hydra
 13103 | D:10     | Found a sacrificial altar of Ru.
 13538 | D:10     | Received a gift from Trog
 13816 | D:11     | Found a staircase to the Lair.
 13928 | D:11     | Got a spiked ring mail
 14074 | D:11     | Reached skill level 15 in Fighting
 14074 | D:11     | Reached skill level 15 in Long Blades
 14557 | D:11     | Found a shimmering altar of Xom.
 15378 | D:12     | Noticed a skeletal warrior
 15385 | D:12     | Noticed a skeletal warrior
 15386 | D:12     | Killed a skeletal warrior
 15386 | D:12     | Reached XP level 12. HP: 71/122 MP: 3/11
 15687 | D:12     | Noticed a two-headed ogre
 15697 | D:12     | Killed a two-headed ogre
 16361 | D:12     | Found a staircase to the Orcish Mines.
 17311 | D:13     | Noticed a tengu warrior
 17330 | D:13     | Killed a tengu warrior
 17672 | D:13     | Identified the +1 ring mail of the Accordion {MR++ Int+2} (You found it on level 11 of the Dungeon)
 17961 | D:13     | Noticed a centaur warrior
 17964 | D:13     | Noticed an ettin
 17969 | D:13     | Killed a centaur warrior
 17970 | D:13     | Noticed an ice dragon
 17972 | D:13     | Noticed a vault guard
 17972 | D:13     | Slain by an ettin

Vault maps used:
D:1:      shiori_shiawase
D:2:      chequers_ecumenical_altar_island
D:3:      nicolae_overflow_hidden_temple, lemuel_crystal_altar, first_ration
D:4:      grunt_temple_overflow_open, minmay_temple_entry_glassed_door
D:5:      serial_shops, shop, uniq_crazy_yiuf_cottage, uniq_prince_ribbit1,
          uniq_sigmund
D:6:      serial_shops, shop, cheibrodos_sewer_entry_drain
D:7:      kennysheep_big_flooded_room, kennysheep_boxes
D:8:      serial_shops, shop, david_nohive_1
D:9:      lemuel_ice_statue, basic_altar
D:10:     nicolae_ru_the_path_less_chosen
D:11:     minmay_lair_entry_lava, basic_altar, minmay_item_behind_shaft,
          grunt_ministairs_3, stair_cage_open
D:12:     orc_0_dummy
D:13:     david_vaults_4, serial_shops, kennysheep_mini
Sewer:    sewer_minmay_treatment

Skill      XL: |  1  2  3  4  5  6  7  8  9 10 11 12 |
---------------+-------------------------------------+-----
Long Blades    | 4 5 6 7 9 11 13 15 16 | 16.5
Fighting       | 4 5 6 7 9 11 13 15 16 | 16.5
Stealth        | 1 2 3 |  3.8
Armour         | |  2.4
Dodging        | |  2.1

Action                   |  1- 3 |  4- 6 |  7- 9 | 10-12 || total
-------------------------+-------+-------+-------+-------++-------
Melee: Falchion          |    77 |    89 |   381 |   146 ||   693
       Headbutt          |    11 |    21 |    89 |   146 ||   267
       Great sword       |       |       |       |   302 ||   302
Invok: Berserk           |     1 |     1 |     3 |     7 ||    12
  Use: Scroll            |       |       |     8 |     8 ||    16
       Potion            |       |       |     3 |     4 ||     7
 Stab: Sleeping          |     3 |       |     6 |     3 ||    12
  Eat: Chunk             |     2 |     5 |    14 |    25 ||    46
       Ration            |       |     1 |     1 |     4 ||     6
Armor: Animal skin       |    13 |     1 |       |       ||    14
       Ring mail         |       |    21 |   106 |   156 ||   283
Dodge: Dodged            |    47 |    46 |   235 |   232 ||   560
       Rpst.: Falchion   |    10 |    10 |    53 |    14 ||    87
       Great sword       |       |       |       |    44 ||    44

Table legend:
 A = Spawn XP
 B = Non-spawn XP
 C = Spawn XP percentage of total XP
 D = Spawn monster count
 E = Non-spawn monster count
 F = Spawn count percentage of total count
 G = Total turns spent on level
                    A         B        C        D         E        F      G
               +---------+---------+-------+---------+---------+-------+---------
         Total |       0 |   29760 |   0.0 |       0 |     383 |   0.0 | 17972
               +---------+---------+-------+---------+---------+-------+---------
           D:1 |       0 |      43 |   0.0 |       0 |      25 |   0.0 |  1146
           D:2 |       0 |      46 |   0.0 |       0 |      14 |   0.0 |   437
           D:3 |       0 |     506 |   0.0 |       0 |      23 |   0.0 |  1271
           D:4 |       0 |     452 |   0.0 |       0 |      17 |   0.0 |  1409
           D:5 |       0 |    1012 |   0.0 |       0 |      24 |   0.0 |  1445
           D:6 |       0 |     805 |   0.0 |       0 |      28 |   0.0 |   743
           D:7 |       0 |    3719 |   0.0 |       0 |      44 |   0.0 |  2729
           D:8 |       0 |    2639 |   0.0 |       0 |      36 |   0.0 |  1605
           D:9 |       0 |    4334 |   0.0 |       0 |      43 |   0.0 |  1632
          D:10 |       0 |    2495 |   0.0 |       0 |      30 |   0.0 |   869
          D:11 |       0 |    3598 |   0.0 |       0 |      17 |   0.0 |  1924
          D:12 |       0 |    5934 |   0.0 |       0 |      23 |   0.0 |  1576
          D:13 |       0 |    3918 |   0.0 |       0 |      11 |   0.0 |   677
         Sewer |       0 |     259 |   0.0 |       0 |      48 |   0.0 |   509
               +---------+---------+-------+---------+---------+-------+---------
